AoeStats
← Smiley

African Clearing

510365134Analyzed
4v4 RM · 1d ago on Sep 30, 2026· 60m 25s· 8 players
Game mode
Random Map
Map size
Large (8 player)
Population
200
Speed
Normal
Resources
Standard
Victory
Conquest
Starting age
Dark Age
Ending age
Imperial Age
RankedLock teamsTeams togetherTeam positionsShared explorationLock speedFull tech treeHidden civsTurbo modeCheats
Victory
Defeat
🇹🇷 Poles · Türkiye
1287
+18
🇹🇼 Ethiopians · Taiwan
1278
+18
🇨🇳 Berbers · China
1137
+23
🇨🇭 Turks · Switzerland
1529
-27
🇨🇭 Burmese · Switzerland
1478
-25
🇩🇪 Vietnamese · Germany
1349
-21
🇵🇰 Bengalis · Pakistan
920
-5
HasNicktir
12:10 Loom
14:51 Feudal Age
18:36 Castle Age
16:49 Double-Bit Axe
17:02 Horse Collar
23:04 Horse Collar
26:15 Bloodlines
26:52 Scale Barding Armor
27:04 Forging
28:34 Heavy Plow
29:15 Wheelbarrow
30:47 Bow Saw
31:11 Chain Barding Armor
31:27 Iron Casting
30:56 Husbandry
31:57 Hand Cart
32:51 Gold Mining
32:51 Stone Mining
37:25 Imperial Age
37:44 Stone Mining
37:41 Cavalier
39:25 Blast Furnace
38:42 Szlachta Privileges
41:13 Stone Shaft Mining
41:14 Conscription
43:48 Crop Rotation
48:00 Fortified Wall
50:54 Onager
52:50 Chemistry
52:15 Ballistics
59:05 Siege Engineers
可爱透耀人
14:45 Feudal Age
19:22 Castle Age
17:30 Double-Bit Axe
19:00 Fletching
19:55 Town Watch
21:12 Loom
24:48 Bodkin Arrow
26:21 Fishing Lines
28:47 Ballistics
29:03 Wheelbarrow
34:04 Imperial Age
32:36 Husbandry
32:43 Thumb Ring
33:42 Gillnets
34:01 Stone Mining
34:10 Gold Mining
34:40 Hand Cart
34:10 Elite Camel Archer
36:34 Chemistry
35:41 Bracer
36:10 Maghrebi Camels
40:10 Bloodlines
40:03 Padded Archer Armor
41:35 Hoardings
42:02 Gold Shaft Mining
42:05 Stone Shaft Mining
43:36 Leather Archer Armor
46:09 Siege Engineers
46:17 Bow Saw
46:18 Kasbah
47:50 Conscription
49:19 Town Patrol
51:00 Ring Archer Armor
50:43 Masonry
50:13 Treadmill Crane
55:23 Coinage
55:05 Guilds
55:01 Scale Barding Armor
55:06 Forging
60:18 Chain Barding Armor
60:33 Iron Casting
59:21 Light Cavalry
68621
9:44 Loom
12:04 Feudal Age
19:17 Castle Age
17:51 Fletching
19:25 Crossbowman
25:47 Double-Bit Axe
35:40 Wheelbarrow
35:49 Bow Saw
35:37 Gold Mining
36:49 Padded Archer Armor
37:38 Bodkin Arrow
38:06 Town Watch
38:42 Leather Archer Armor
38:53 Horse Collar
43:18 Imperial Age
41:20 Guard Tower
42:19 Ballistics
42:37 Hand Cart
43:15 Thumb Ring
44:25 Bracer
44:24 Arbalester
45:46 Town Patrol
46:23 Elite Skirmisher
47:39 Squires
47:24 Arson
47:45 Scale Mail Armor
47:56 Forging
51:31 Chemistry
52:27 Masonry
52:25 Heavy Plow
52:53 Siege Engineers
55:43 Two-Man Saw
54:54 Onager
55:53 Capped Ram
56:52 Siege Ram
夫国之有民,犹水之有舟,停则以安,扰则以危
15:07 Feudal Age
14:16 Loom
18:44 Castle Age
17:33 Double-Bit Axe
21:28 Fishing Lines
23:25 Coinage
23:17 Bow Saw
24:26 Wheelbarrow
26:14 Gillnets
27:01 Horse Collar
30:02 Hand Cart
34:15 Gold Mining
34:15 Stone Mining
35:17 Town Watch
35:44 Heavy Plow
37:09 Stone Shaft Mining
37:11 Gold Shaft Mining
40:15 Imperial Age
39:14 Forging
40:32 Iron Casting
40:50 Banking
40:56 Conscription
39:57 Elite Karambit Warrior
41:01 Squires
40:47 Arson
41:18 Guilds
42:49 Blast Furnace
43:08 Fletching
45:02 Sappers
45:29 Bodkin Arrow
46:52 Masonry
46:48 Siege Engineers
47:42 Bracer
49:10 Chemistry
48:55 Elite Skirmisher
49:40 Thumb Ring
49:37 Padded Archer Armor
50:33 Leather Archer Armor
51:44 Ring Archer Armor
51:45 Ballistics
58:57 Pikeman
59:01 Man-at-Arms
59:37 Halberdier
60:01 Long Swordsman
60:43 Forced Levy
SlaP
5:56 Loom
12:03 Feudal Age
12:31 Double-Bit Axe
12:29 Horse Collar
16:06 Scale Barding Armor
17:26 Forging
18:35 Bloodlines
23:22 Castle Age
21:20 Horse Collar
21:30 Gold Mining
21:58 Fletching
23:28 Elite Skirmisher
24:15 Bodkin Arrow
25:25 Wheelbarrow
29:19 Bow Saw
32:45 Padded Archer Armor
33:14 Ballistics
37:57 Imperial Age
37:24 Heavy Plow
38:40 Hand Cart
38:42 Bracer
39:50 Chemistry
39:33 Elite Rattan Archer
41:05 Leather Archer Armor
42:51 Ring Archer Armor
42:33 Thumb Ring
42:55 Masonry
44:35 Town Watch
48:05 Town Patrol
51:25 Imperial Skirmisher
58:33 Light Cavalry
59:13 Husbandry
Wild Nût Buster
6:37 Loom
15:31 Feudal Age
21:34 Castle Age
21:16 Stone Mining
21:14 Double-Bit Axe
21:26 Horse Collar
23:48 Bow Saw
25:32 Gold Mining
34:28 Heavy Plow
37:02 Imperial Age
34:37 Town Watch
35:35 Gold Shaft Mining
36:46 Fletching
36:57 Padded Archer Armor
38:06 Wheelbarrow
37:41 Town Patrol
37:47 Elite Elephant Archer
39:55 Bodkin Arrow
40:24 Conscription
40:32 Conscription
41:59 Bracer
44:32 Wheelbarrow
45:35 Ballistics
47:02 Paiks
48:44 Chemistry
53:30 Hand Cart
Smiley
8:56 Loom
9:00 Loom
11:38 Feudal Age
12:48 Double-Bit Axe
15:43 Fletching
16:46 Gold Mining
16:39 Horse Collar
21:55 Castle Age
21:40 Padded Archer Armor
22:55 Thumb Ring
23:44 Bloodlines
23:48 Gold Mining
24:36 Wheelbarrow
27:11 Bodkin Arrow
30:21 Ballistics
31:03 Town Watch
33:32 Heavy Plow
34:41 Husbandry
35:27 Bow Saw
35:40 Leather Archer Armor
40:16 Imperial Age
37:46 Stone Mining
39:22 Scale Barding Armor
41:39 Parthian Tactics
41:20 Bracer
42:19 Ring Archer Armor
42:15 Chain Barding Armor
44:20 Ring Archer Armor
44:01 Forging
45:33 Conscription
46:22 Heavy Cavalry Archer
47:23 Heavy Scorpion
[PSCH] Reh
12:43 Feudal Age
15:10 Scale Barding Armor
18:56 Castle Age
17:01 Stone Mining
17:37 Forging
17:48 Bloodlines
18:53 Gold Mining
19:24 Forging
19:49 Padded Archer Armor
20:14 Horse Collar
20:35 Light Cavalry
23:00 Wheelbarrow
22:10 Loom
23:02 Wheelbarrow
23:03 Town Watch
24:18 Gold Shaft Mining
24:09 Heavy Plow
28:14 Scale Mail Armor
30:28 Husbandry
35:32 Imperial Age
35:19 Chain Barding Armor
35:09 Forging
35:45 Fletching
36:27 Hand Cart
35:33 Elite Arambai
36:57 Town Patrol
37:33 Ballistics
38:18 Conscription
38:23 Bodkin Arrow
40:00 Plate Barding Armor
40:07 Howdah
41:18 Crop Rotation
40:47 Elite Battle Elephant
44:17 Iron Casting
45:23 Bracer
45:51 Treadmill Crane
45:35 Elite Skirmisher
Connection lost

Rejoining the realm…

Still unreachable

The connection could not be restored.

Session expired

The server has moved on; the page needs a fresh start.